 Dungeon Crawl Stone Soup version 0.17.0-28-g6e173f8 (webtiles) character file.

163 coffecat the Conjurer (level 5, -3/39 HPs)
             Began as a Demigod Conjurer on Nov 26, 2015.
             Slain by a gnoll
             ... wielding a +0 spear
              (8 damage)
             ... on level 4 of the Dungeon.
             The game lasted 00:30:10 (3167 turns).

coffecat the Conjurer (Demigod Conjurer)            Turns: 3167, Time: 00:30:10

Health: -3/39      AC:  3    Str: 11    XL:     5   Next: 0%
Magic:  3/11       EV: 12    Int: 21    God:
Gold:   144        SH:  0    Dex: 16    Spells: 2 memorised, 4 levels left

rFire  + . .     SeeInvis .     c - -1 dagger
rCold  . . .     Clarity  .     o - +0 leather armour
rNeg   . . .     SustAt   +     (no shield)
rPois  .         Gourm    .     (no helmet)
rElec  .         Spirit   .     (no cloak)
rCorr  .         Warding  .     (no gloves)
rMut   .         Stasis   .     (no boots)
MR     .....                    (no amulet)
Stlth  ++........               (no ring)
                                g - ring of protection from fire

@: not resistant to hostile enchantments, unstealthy
A: high mp 1, sustain attributes
a: no special abilities


You were on level 4 of the Dungeon.
You were not hungry.

You visited 1 branch of the dungeon, and saw 4 of its levels.

You collected 144 gold pieces.

Inventory:

Hand Weapons
 c - a -1 dagger (weapon)
 j - a +0 dagger
 l - a +0 falchion
Armour
 a - a +0 robe
 o - a +0 leather armour (worn)
Jewellery
 g - a ring of protection from fire (left hand)
 n - an uncursed ring of wizardry {unknown}
Wands
 d - a wand of magic darts (16)
Scrolls
 e - a scroll of blinking
 f - a scroll of remove curse
 h - 4 scrolls of identify
Potions
 i - a potion of cure mutation {unknown}
 k - a potion of resistance {unknown}
 m - 2 potions of lignification
 p - a potion of degeneration {unknown}
Books
 b - a book of Conjurations

   Spells                             Type                      Level
   a - Magic Dart                     Conjuration                  1
   b - Searing Ray                    Conjuration                  2
   c - Dazzling Spray                 Conjuration/Hexes            3
   d - Fulminant Prism                Conjuration/Hexes            4
   e - Iskenderun's Mystic Blast      Conjuration                  4
   f - Iskenderun's Battlesphere      Conjuration/Charms           5


   Skills:
 + Level 0.8 Fighting
 + Level 0.5(0.8) Short Blades
 + Level 0.8(1.0) Long Blades
 + Level 1.0 Armour
 + Level 2.1 Dodging
 + Level 2.0 Stealth
 + Level 2.6 Spellcasting
 + Level 4.6 Conjurations


You had 4 spell levels left.
You knew the following spells:

 Your Spells              Type           Power        Failure   Level  Hunger
a - Magic Dart            Conj           ###.         2%          1    None
b - Iskenderun's Mystic   Conj           ###.....     30%         4    ####...


Dungeon Overview and Level Annotations

Branches:
Dungeon (4/15)             Temple (0/1) D:4

Annotations:
D:4 skk's ghost, amateur MfGl


Innate Abilities, Weirdness & Mutations

You have an increased reservoir of magic (+10% MP).
Your attributes are resistant to harm.


Message History

Press: ? - help, Shift-Dir - straight line, f/p - giant frog skeleton
Aim: a giant frog skeleton The magic dart hits the shadow imp.
The shadow imp is heavily wounded.
The shadow imp hits you.
* * * LOW HITPOINT WARNING * * *
Casting: Magic Dart
Confirm with . or Enter, or press ? or * to list all spells.
Aiming: Magic Dart
Press: ? - help, Shift-Dir - straight line, f/p - giant frog skeleton
Aim: a giant frog skeleton The magic dart hits the shadow imp.
The shadow imp is heavily wounded.
The gnoll hits you from afar with a spear.
* * * LOW HITPOINT WARNING * * *
The shadow imp closely misses you.
You hit the shadow imp.
The shadow imp is severely wounded.
The gnoll hits you from afar with a spear!
You die...

#....## +..†..#
#.....# #.....#
+.....# #.....#
#....########....##
#....##....#######
######.....#.........
#..........#.........
#..........#.........
.........@5gZ........
...........#g...##...
#####.....##....##
#########....+ #..
#....# ... #.> #...##
#.. #.. #[..# #.. ###
#..... #.. .......
#..


You could see 2 gnolls, a shadow imp and a giant frog skeleton.

Vanquished Creatures
  A hound (D:3)
  An iguana (D:4)
  Jessica (D:3)
  3 adders (D:3)
  A gnoll (D:3)
  A worm (D:2)
  A giant gecko (D:2)
  2 orcs
  A bat (D:1)
  A giant cockroach (D:3)
  2 hobgoblins
  3 jackals (D:1)
  6 kobolds
  3 quokkas (D:3)
  A giant newt (D:2)
  6 goblins
  6 rats
40 creatures vanquished.

Notes
Turn   | Place    | Note
--------------------------------------------------------------
     0 | D:1      | coffecat the Demigod Conjurer began the quest for the Orb.
     0 | D:1      | Reached XP level 1. HP: 14/14 MP: 5/5
   417 | D:2      | Reached XP level 2. HP: 14/20 MP: 1/7
   445 | D:2      | Reached skill level 4 in Conjurations
   725 | D:2      | Found a shimmering altar of Xom.
  1049 | D:3      | Found a radiant altar of Vehumet.
  1077 | D:3      | Found a snail-covered altar of Cheibriados.
  1155 | D:3      | Reached XP level 3. HP: 18/26 MP: 8/8
  1477 | D:3      | Reached XP level 4. HP: 18/34 MP: 7/10
  1618 | D:3      | Noticed Jessica
  1725 | D:3      | Killed Jessica
  2118 | D:3      | Learned a level 4 spell: Iskenderun's Mystic Blast
  2284 | D:3      | Reached skill level 1 in Armour
  3132 | D:4      | Found a staircase to the Ecumenical Temple.
  3152 | D:4      | Reached XP level 5. HP: 36/39 MP: 6/11
  3156 | D:4      | Noticed skk's ghost (amateur MfGl)
  3167 | D:4      | Slain by a gnoll

Action                   |  1- 3 |  4- 6 || total
-------------------------+-------+-------++-------
Melee: Dagger            |    22 |     3 ||    25
       Falchion          |    34 |    18 ||    52
 Cast: Magic Dart        |    39 |    18 ||    57
       Iskenderun's Myst |       |     3 ||     3
  Use: Scroll            |     4 |     1 ||     5
 Stab: Sleeping          |       |     1 ||     1
  Eat: Bread ration      |       |     2 ||     2
